nht, neutral male human Monk -------- ----- #[### ........| |...| 1 +@ ..| #-...+ # | #|..<| # #--.-- #######2 ## # # # # ### # # # # # ### # # # ### # ### #------# -----# # #.....|# #.>...###% |...[|# ------.-----####|..^|###############....{|# |..........|####...*.## |.....# |.......^...## |..%|# ------ ------------ ---- # nht the Initiate Experience level: 9 Strength: 18/13 Dexterity: 13 Constitution: 14 Intelligence: 10 Wisdom: 12 Charisma: 9 Health: 0(73) Energy: 2(30) Def: 5 Gold: 4332 Moves: 5414 Dungeon seed: ay_SkCXoIVDF_jmJ Game ID: nht_1430833885 Your Inventory: Coins $ - 4332 gold pieces Weapons k - 12 +0 shuriken (in quiver) r - 9 +0 shuriken Armor e - an uncursed +2 pair of leather gloves (being worn) n - an uncursed burnt +1 robe (being worn) q - a blessed +1 elven cloak y - an uncursed burnt +0 pair of low boots (being worn) E - an uncursed +0 mummy wrapping S - an uncursed burnt +0 elven leather helm (being worn) T - an uncursed +0 Hawaiian shirt Comestibles f - 4 uncursed food rations i - 4 uncursed fortune cookies l - 2 uncursed lichen corpses s - 2 uncursed slime molds A - an uncursed lizard corpse G - 2 uncursed carrots M - 3 uncursed eucalyptus leaves W - 5 uncursed lumps of royal jelly Scrolls b - 3 uncursed scrolls of magic mapping d - an uncursed scroll of light g - a blessed scroll of enchant weapon o - an uncursed scroll of genocide w - an uncursed scroll of enchant armor C - 3 uncursed scrolls of enchant weapon L - a blessed scroll of earth N - 2 uncursed scrolls of teleportation O - an uncursed scroll of earth Q - 3 uncursed scrolls of remove curse Potions c - 2 uncursed potions of healing h - an uncursed potion of enlightenment m - 3 uncursed potions of see invisible p - an uncursed potion of paralysis u - an uncursed potion of gain level x - a blessed potion of acid B - a potion of holy water named 100 F - an uncursed potion of extra healing H - an uncursed potion of water named u U - 2 uncursed potions of object detection Rings t - a cursed ring of stealth K - an uncursed ring of shock resistance V - an uncursed +1 ring of gain constitution Y - an uncursed -1 ring of protection Wands a - a wand of speed monster (0:3) D - a wand of make invisible (0:2) I - a wand of magic missile (0:2) J - a wand of secret door detection (0:11) P - a wand of enlightenment (0:12) R - a wand of light (0:1) X - a wand of digging (0:5) Tools j - an uncursed oil lamp (0:1006) v - an uncursed skeleton key z - a +0 unicorn horn Spells known in the end: Name Level Category Fail Memory a - healing 1 healing 0% 73% b - haste self 3 escape 88% 92% c - force bolt 1 attack 0% 92% Your skills at the end: Fighting Skills martial arts [Expert] Weapon Skills shuriken [Basic] Spellcasting Skills healing spells [Basic] Final Attributes: You were devoutly aligned. You were sleep resistant. You were poison resistant. You saw invisible. You were warned. You had automatic searching. You were stealthy. You were fast. You are dead. Vanquished creatures: a vampire a queen bee a stalker a xorn an elf-lord an ogre lord a quantum mechanic a troll a freezing sphere a large cat 2 tengu a human mummy a wraith an ettin zombie a succubus 2 chameleons 2 crocodiles a quivering blob a cockatrice a panther 3 leprechauns 3 giant spiders an ice vortex 2 black lights a vampire bat a gnome king a dwarf mummy a rust monster 3 owlbears a lizard a jaguar a white unicorn a raven a gnome mummy a snake 2 wood nymphs 8 Mordor orcs an orc shaman 2 rock moles a pony a fog cloud a yellow light a gnome lord a gnomish wizard 2 giant ants a dwarf a homunculus 2 kobold lords 24 hill orcs a rothe a rabid rat a giant bat 4 orc zombies 4 dwarf zombies 6 iguanas 11 killer bees 2 hobbits a hobgoblin 2 yellow molds a green mold a red mold 29 manes 2 gnome zombies 3 geckos 4 jackals a kobold 3 goblins 4 grid bugs 2 lichens 3 kobold zombies 5 newts 184 creatures vanquished. Voluntary challenges: You followed a strict vegan diet. You never hit with a wielded weapon. You read items or engraved 24 times, starting on turn 837. You never genocided any monsters. You never polymorphed an object. You never changed form. You used no wishes. You never split a pudding. You wrote Elbereth's name 14 times, starting on turn 837. You violated your moral code, losing 1 point of alignment, starting on turn 2881. Dungeon overview: The Dungeons of Doom: levels 1 to 23 Level 1 a long staircase Level 2 a general store stairs to The Gnomish Mines Level 3 Level 4 (potions) a potion shop Level 5 many fountains Level 6 Level 7 an altar to Chih Sung-tzu Level 8 a fountain Level 9 many fountains Level 10 stairs to Sokoban Level 11 a fountain Level 12 a temple to Shan Lai Ching Level 13 a fountain Level 14 (chauns) some fountains Level 15 (book, quest) Level 16 a fountain Level 17 (rax) Level 18 Level 19 a sink Level 20 a fountain Level 21 a fountain Level 22 (sho) <- You were here a fountain Level 23 The Gnomish Mines: Level 3 (mmf) stairs to The Dungeons of Doom Sokoban: levels 8 to 9 Level 8 (ass) Level 9 stairs to The Dungeons of Doom History has recorded: On T:1 you entered the Dungeons of Doom to retrieve the Amulet of Yendor! On T:24 you reached level 2 of The Dungeons of Doom. On T:46 you reached level 3 of The Dungeons of Doom. On T:290 you reached level 1 of The Gnomish Mines. On T:400 you advanced to experience level 2. On T:434 you reached level 4 of The Dungeons of Doom. On T:721 you reached level 5 of The Dungeons of Doom. On T:728 you advanced to experience level 3. On T:1121 you reached level 6 of The Dungeons of Doom. On T:1143 you reached level 7 of The Dungeons of Doom. On T:1179 you advanced to experience level 4. On T:1473 you advanced to experience level 5. On T:1510 you reached level 8 of The Dungeons of Doom. On T:1608 you advanced to experience level 6. On T:1787 you advanced to experience level 7. On T:2043 you reached level 9 of The Dungeons of Doom. On T:2221 you reached level 10 of The Dungeons of Doom. On T:2339 you reached level 4 of Sokoban. On T:2572 you reached level 3 of Sokoban. On T:2913 you advanced to experience level 8. On T:2998 you reached level 11 of The Dungeons of Doom. On T:3052 you reached level 12 of The Dungeons of Doom. On T:3292 you reached level 13 of The Dungeons of Doom. On T:3488 you reached level 14 of The Dungeons of Doom. On T:3601 you reached level 15 of The Dungeons of Doom. On T:3656 you reached level 16 of The Dungeons of Doom. On T:3876 you advanced to experience level 9. On T:4082 you reached level 17 of The Dungeons of Doom. On T:4211 you reached level 18 of The Dungeons of Doom. On T:4318 you reached level 19 of The Dungeons of Doom. On T:4711 you reached level 20 of The Dungeons of Doom. On T:5137 you reached level 21 of The Dungeons of Doom. On T:5228 you reached level 22 of The Dungeons of Doom. On T:5284 you reached level 23 of The Dungeons of Doom. Score breakdown: Gold: 4332 (12371 points) Experience: 9 levels (15756 points) Exploration: 23 levels ( 43.40%) (19513 points) Discoveries: 20 items ( 7.17%) ( 8032 points) Valuables value: (no points given unless you survive) Artifact value: 0 ( 0 points) Variety of kills: 71 monsters ( 18.73%) (12984 points) Time penalty: 5414 turns (-1472 points) Survival: died (score multiplied by 80%) Total score: 53747 Latest messages: v - an uncursed orange potion. A - an uncursed pink potion. h - an uncursed potion called fizz200. a - an uncursed ruby potion. V - an uncursed ivory ring. D - an uncursed wand called cancel?. J - an uncursed wand called zinc nomsg. z - an uncursed unicorn horn. q - an uncursed blue gem. A wand called zinc nomsg lands on the altar. A unicorn horn lands on the altar. A blue gem lands on the altar. You feel better. You hear a nearby zap. The bolt of fire hits you! You die... Final status: Goodbye nht the Monk, killed by a bolt of fire... You died in The Dungeons of Doom on dungeon level 22 with 53747 points, and 4332 pieces of gold, after 5414 moves. You were level 9 with a maximum of 73 hit points when you died.